 Dungeon Crawl Stone Soup version 0.19.0-24-gb05acd6 (webtiles) character file.

29536 Chiseanne the Lightning Rod (level 13, -8/105 HPs)
             Began as a Demonspawn Wanderer on Nov 22, 2016.
             Was a Follower of Qazlal.
             Mangled by an orc sorcerer
             ... wielding a +2 dagger of speed
              (9 damage)
             ... while paralysed by an orc sorcerer
             ... on level 2 of the Orcish Mines.
             The game lasted 00:50:20 (14431 turns).

Chiseanne the Lightning Rod (Demonspawn Wanderer)  Turns: 14431, Time: 00:50:21

Health: -8/105     AC: 12    Str: 15    XL:     13   Next: 15%
Magic:  0/22       EV:  2    Int: 12    God:    Qazlal [*.....]
Gold:   828        SH:  0    Dex: 17    Spells: 0 memorised, 12 levels left

rFire  . . .     SeeInvis +     a - +5 demon trident (elec)
rCold  + + +     Gourm    .     x - +3 ring mail "Guahauma" {rF+ rC+ MR- SInv}
rNeg   . . .     Faith    .     y - +0 large shield
rPois  .         Spirit   +     z - +0 hat
rElec  +         Reflect  .     V - +0 cloak
rCorr  .         Harm     .     G - +0 pair of gloves (curse)
MR     .....                    (no boots)
Stlth  ++........               N - amulet of guardian spirit
                                D - ring of protection from cold
                                O - ring of Mesinu {+Fly rElec rF- rC+ Slay+2}

@: paralysed
A: antennae 2, large bone plates 3, agile 1, demonic guardian 1, dopey 1,
nightstalker 1, robust 1
a: Renounce Religion, Evoke Flight


You were on level 2 of the Orcish Mines.
You worshipped Qazlal.
Qazlal was aware of your devotion.
You were not hungry.

You visited 2 branches of the dungeon, and saw 15 of its levels.
You also visited: Ice Cave.

You collected 1549 gold pieces.
You spent 721 gold pieces at shops.

Inventory:

Hand Weapons
 a - a +5 demon trident of electrocution (weapon)
 d - a +1 scimitar of flaming
 s - a +0 flail of protection
Missiles
 c - 26 poisoned needles
 h - 516 stones (quivered)
 i - 7 curare-tipped needles
 m - 12 javelins
 r - 17 tomahawks
 t - 99 bolts
 J - 4 throwing nets
 W - 130 sling bullets
Armour
 x - the +3 ring mail "Guahauma" (worn) {rF+ rC+ MR- SInv}
   (You found it on level 2 of the Orcish Mines)

   It protects you from fire.
   It protects you from cold.
   It affects your resistance to hostile enchantments.
   It lets you see invisible.
 y - a +0 large shield (worn)
 z - a +0 hat (worn)
 G - a cursed +0 pair of gloves (worn)
 P - a +0 troll leather armour {Snorg}
 V - a +0 cloak (worn)
Jewellery
 l - an uncursed amulet of regeneration
 w - a +4 ring of intelligence
 D - a ring of protection from cold (right hand)
 E - an uncursed ring of see invisible
 F - an uncursed ring of flight
 N - an amulet of guardian spirit (around neck)
 O - the ring of Mesinu (left hand) {+Fly rElec rF- rC+ Slay+2}
   (You found it on level 12 of the Dungeon)

   [ring of flight]

   It affects your accuracy and damage with ranged weapons and melee attacks
   (+2).
   It makes you vulnerable to fire.
   It protects you from cold.
   It insulates you from electricity.
   It lets you fly.
 T - an uncursed amulet of the gourmand {unknown}
Wands
 L - a wand of heal wounds (4/9)
Scrolls
 b - 6 scrolls of teleportation
 n - 2 scrolls of amnesia
 o - a scroll of silence
 q - a scroll of blinking
 v - 8 scrolls of remove curse
Potions
 A - 11 potions of curing
 C - a potion of lignification
 H - 2 potions of flight
 I - a potion of brilliance
 K - 2 potions of magic
Books
 j - a book of Callings

   Spells                             Type                      Level
   a - Summon Small Mammal            Summoning                    1
   b - Call Imp                       Summoning                    2
   c - Call Canine Familiar           Summoning                    3
   d - Summon Guardian Golem          Hexes/Summoning              3
   e - Summon Lightning Spire         Summoning/Air                4
   f - Summon Ice Beast               Ice/Summoning                4
 R - a book of Air

   Spells                             Type                      Level
   a - Shock                          Conjuration/Air              1
   b - Swiftness                      Charms/Air                   2
   c - Repel Missiles                 Charms/Air                   2
   d - Static Discharge               Conjuration/Air              3
   e - Lightning Bolt                 Conjuration/Air              5
Miscellaneous
 u - a phial of floods (inert)
Comestibles
 e - 8 meat rations
 f - 14 bread rations
 g - 8 beef jerkies
 k - 9 royal jellies
 p - 7 fruits
 B - 2 chunks of flesh


   Skills:
 * Level 7.5 Fighting
   Level 1.0 Short Blades
 - Level 5.1 Maces & Flails
 - Level 8.9 Polearms
 - Level 7.6 Armour
 * Level 7.8 Dodging
 - Level 1.0 Stealth
 * Level 10.1 Shields
 * Level 12.1 Invocations
 - Level 1.0 Evocations


You had 12 spell levels left.
You didn't know any spells.

Dungeon Overview and Level Annotations

Branches:
Dungeon (13/15)            Temple (0/1) D:7            Lair (0/6) D:10
    Orc (2/2) D:12            Elf (0/3) Orc:2        Vaults (0/5) D:13

Altars:
Cheibriados
Dithmenos
Elyvilon
Hepliaklqana
Makhleb
Nemelex Xobeh
Okawaru
Qazlal
Ru
Sif Muna
Trog
Uskayaw
Yredelemnul
Zin
The Shining One

Shops:
D:8 *   D:11 *   Orc:1 :   Orc:2 =


Innate Abilities, Weirdness & Mutations

You have a pair of antennae on your head.
You are completely covered in large bone plates. (SH +8)
A weak demonic guardian rushes to your aid.
You are slightly more attuned to the shadows.
You are robust. (+10% HP)
You are agile. (Dex +2)
You are dopey. (Int -2)


Message History

You are engulfed in flames!
The orc sorcerer casts a spell at you.
You suddenly lose the ability to move!
The red devil hits you from afar with a trident!
The sun demon hits you but does no damage.
The orc sorcerer points at you and mumbles some strange words.
You barely resist. The red devil barely misses you. The sun demon hits you!!
You are engulfed in flames!
The orc sorcerer hits you with a dagger of speed.
The red devil hits you but does no damage.
The sun demon hits you!
* * * LOW HITPOINT WARNING * * *
You are engulfed in flames!!
* * * LOW HITPOINT WARNING * * *
The orc sorcerer hits you but does no damage.
The sun demon hits you but does no damage.
The red devil hits you from afar with a trident!
* * * LOW HITPOINT WARNING * * *
The orc sorcerer hits you with a dagger of speed!
You die...

##### ##...### ###
##..53..##
##.####...@oo..###
#...##...5##4.÷..#
##)###...####o...#
## ####...#....#
.÷...#
.###.##.......##
÷.÷÷.÷
.......))#....#
......
.......).)....#
.§....
.).###.#.)....#
§o.... )###
###......#


You could see an orc knight, a sun demon, an orc sorcerer, a red devil, an orc
warrior, a friendly quasit and a friendly white imp.

Vanquished Creatures
  Gastronok (D:9)
  An orc warlord (Orc:1)
  An ettin (Orc:2)
  Snorg (D:13)
  3 vault guards (D:13)
  Erica (Orc:1)
  An orc high priest (Orc:2)
  An unseen horror (D:11)
  3 hill giants
  3 orc knights
  2 ugly things
  2 orc sorcerers (Orc:2)
  Maurice (Orc:1)
  2 cyclopes
  Joseph (D:13)
  A queen bee (D:9)
  5 trolls
  3 hippogriffs
  2 wyverns (D:12)
  A wraith (D:12)
  10 yaks (D:12)
  A basilisk (D:12)
  2 hungry ghosts
  A steam dragon (D:9)
  A vampire mosquito (D:13)
  A mottled dragon (D:11)
  4 wargs (Orc:2)
  A soldier ant (D:11)
  19 orc warriors
  A black bear (D:11)
  3 sky beasts
  2 eyes of draining
  A hornet zombie (D:12)
  4 ice beasts
  3 phantoms
  4 ogres
  6 centaurs
  2 crocodiles
  A big kobold (D:10)
  8 bullfrogs
  A wyvern zombie (D:12)
  A water moccasin skeleton (D:6)
  4 scorpions
  23 killer bees
  5 howler monkeys
  3 crimson imps
  3 centaur zombies
  A bullfrog zombie (D:6)
  A quasit (D:11)
  8 jellies
  4 hounds
  3 bullfrog skeletons
  12 orc priests
  2 centaur skeletons (D:12)
  17 orc wizards
  Natasha (twice) (D:2)
  4 iguanas
  13 worker ants
  A hound skeleton (D:10)
  2 hound zombies
  A worker ant zombie (D:8)
  4 gnolls (D:7)
  11 adders
  5 shadow imps
  An adder zombie (D:5)
  2 worms (D:3)
  4 dart slugs
  A leopard gecko (D:2)
  74 orcs
  2 ball pythons
  6 giant cockroaches
  2 goblins
  15 hobgoblins
  18 jackals
  6 quokkas
  9 bats
  3 frilled lizards
  16 kobolds
  A leopard gecko skeleton (D:8)
  9 rats
411 creatures vanquished.

Vanquished Creatures (collateral kills)
  Harold (Orc:1)
  A tengu warrior (D:13)
  An orc knight (Orc:2)
  A hippogriff (D:11)
  A yak (D:12)
  A basilisk (shapeshifter) (D:11)
  2 ice beasts
  An ogre (Orc:1)
  A centaur (D:8)
  A bullfrog (D:7)
  2 killer bees (D:9)
  An orc priest (Orc:1)
  3 orc wizards
  4 orcs
  A quokka (D:9)
22 creatures vanquished.

Vanquished Creatures (others)
  An orc priest (Orc:2)
1 creature vanquished.

Grand Total: 434 creatures vanquished

Notes
Turn   | Place    | Note
-------+----------+-------------------------------------------
     0 | D:1      | Chiseanne the Demonspawn Wanderer began the quest for the Orb.
     0 | D:1      | Chiseanne set off with: a +2 leather armour, a scroll of teleportation, a potion of lignification, a +0 dagger, a bread ration
     0 | D:1      | Reached XP level 1. HP: 18/18 MP: 1/1
   409 | D:1      | Gained mutation: You have a pair of small antennae on your head. [demonic ancestry]
   409 | D:1      | Reached XP level 2. HP: 21/24 MP: 2/2
  1127 | D:1      | Reached XP level 3. HP: 29/29 MP: 3/3
  1375 | D:2      | Noticed Natasha
  2130 | D:2      | Killed Natasha
  2130 | D:2      | Reached XP level 4. HP: 31/37 MP: 4/4
  2245 | D:2      | Noticed Natasha
  2250 | D:2      | Gained mutation: You are dopey. (Int -2) [potion of mutation]
  2250 | D:2      | Gained mutation: You are agile. (Dex +2) [potion of mutation]
  2250 | D:2      | Gained mutation: You are frail. (-10% HP) [potion of mutation]
  2258 | D:2      | Killed Natasha
  2816 | D:3      | Gained mutation: You have a pair of antennae on your head. [demonic ancestry]
  2816 | D:3      | Reached XP level 5. HP: 30/38 MP: 5/5
  3546 | D:4      | Found a glowing golden altar of the Shining One.
  3698 | D:4      | Found a sacrificial altar of Ru.
  3794 | D:4      | Found a snail-covered altar of Cheibriados.
  4005 | D:5      | Entered Level 5 of the Dungeon
  4106 | D:5      | Found a deep blue altar of Sif Muna.
  4339 | D:5      | Found a glowing silver altar of Zin.
  4341 | D:5      | Found a sparkling altar of Nemelex Xobeh.
  4344 | D:5      | Gained mutation: You are partially covered in large bone plates. (SH +4) [demonic ancestry]
  4344 | D:5      | Reached XP level 6. HP: 42/45 MP: 6/6
  4348 | D:5      | Reached skill level 1 in Shields
  4365 | D:5      | Found a basalt altar of Yredelemnul.
  4388 | D:5      | Found a stormy altar of Qazlal.
  4388 | D:5      | Found a shadowy altar of Dithmenos.
  4388 | D:5      | Found a sacrificial altar of Ru.
  4388 | D:5      | Found a deep blue altar of Sif Muna.
  4389 | D:5      | Found a hazy altar of Hepliaklqana.
  4392 | D:5      | Found a white marble altar of Elyvilon.
  4393 | D:5      | Found a burning altar of Makhleb.
  4398 | D:5      | Became a worshipper of Qazlal Stormbringer
  4666 | D:5      | Reached skill level 5 in Fighting
  4899 | D:6      | Noticed an ice beast
  4907 | D:6      | Killed an ice beast
  4907 | D:6      | Reached XP level 7. HP: 37/50 MP: 7/7
  5274 | D:6      | Found an iron altar of Okawaru.
  5499 | D:7      | Found a staircase to the Ecumenical Temple.
  5662 | D:7      | Gained mutation: A weak demonic guardian rushes to your aid. [demonic ancestry]
  5662 | D:7      | Reached XP level 8. HP: 57/57 MP: 8/8
  5753 | D:7      | Reached * piety under Qazlal
  6252 | D:8      | Noticed a hippogriff
  6270 | D:8      | Killed a hippogriff
  6270 | D:8      | Reached skill level 5 in Maces & Flails
  6484 | D:8      | Gained mutation: You are mostly covered in large bone plates. (SH +6) [demonic ancestry]
  6484 | D:8      | Reached XP level 9. HP: 59/63 MP: 9/9
  6533 | D:8      | Reached skill level 1 in Polearms
  6533 | D:8      | Reached skill level 5 in Armour
  6788 | D:8      | Reached ** piety under Qazlal
  7082 | D:8      | Found Mugaso's General Store.
  7085 | D:8      | Bought 2 potions of degeneration for 20 gold pieces
  7085 | D:8      | Bought a scroll of summoning for 95 gold pieces
  7085 | D:8      | Bought a potion of curing for 30 gold pieces
  7182 | D:9      | Reached skill level 5 in Shields
  7182 | D:9      | Reached skill level 1 in Invocations
  7226 | D:9      | Noticed a troll
  7235 | D:9      | Killed a troll
  7235 | D:9      | Reached skill level 2 in Invocations
  7546 | D:9      | Reached skill level 3 in Invocations
  7558 | D:9      | Noticed Gastronok
  7576 | D:9      | Killed Gastronok
  7576 | D:9      | Reached skill level 5 in Invocations
  7576 | D:9      | Gained mutation: You are completely covered in large bone plates. (SH +8) [demonic ancestry]
  7576 | D:9      | Reached XP level 10. HP: 57/71 MP: 11/14
  7891 | D:9      | Reached skill level 6 in Invocations
  7912 | D:9      | Reached *** piety under Qazlal
  8152 | D:9      | Reached skill level 5 in Polearms
  8575 | D:10     | Entered Level 10 of the Dungeon
  8625 | D:10     | Reached skill level 7 in Invocations
  8731 | D:10     | Noticed a hill giant
  8742 | D:10     | Killed a hill giant
  8788 | D:10     | Found a staircase to the Lair.
  9502 | D:11     | Reached XP level 11. HP: 75/75 MP: 16/16
  9607 | D:11     | Noticed a hill giant
  9619 | D:11     | Killed a hill giant
  9759 | D:11     | Reached skill level 8 in Invocations
  9778 | D:11     | Found Fenow's General Store.
  9810 | D:11     | Bought a scroll of noise for 14 gold pieces
  9934 | D:8      | Bought a +1 ring mail of fire resistance for 160 gold pieces
 10086 | D:11     | Got a dazzling dagger
 10100 | D:11     | Noticed a hill giant
 10106 | D:11     | Killed a hill giant
 10198 | D:11     | Reached **** piety under Qazlal
 10239 | D:11     | Noticed an unseen horror
 10268 | D:11     | Killed an unseen horror
 10390 | D:11     | Noticed a red ugly thing
 10413 | D:11     | Killed a red ugly thing
 10471 | D:11     | Bought a potion of curing for 42 gold pieces
 10709 | D:12     | Found a frozen archway.
 10714 | IceCv    | Entered an ice cave
 10714 | IceCv    | Noticed a white ugly thing
 10714 | IceCv    | Noticed Philosophy's ghost (journeyman HOFi)
 10732 | IceCv    | Killed a white ugly thing
 10852 | D:12     | Found a staircase to the Orcish Mines.
 10856 | D:12     | Reached skill level 9 in Invocations
 11124 | D:12     | Identified a scroll of acquirement
 11125 | D:12     | Got a brightly glowing buckler
 11136 | D:12     | Identified the +0 buckler "Jaanuasm" {rC+ Stlth+} (You acquired it on level 12 of the Dungeon)
 11163 | D:12     | Got a twitching wooden ring
 11166 | D:12     | Identified the ring of Mesinu {+Fly rElec rF- rC+ Slay+2} (You found it on level 12 of the Dungeon)
 11315 | D:12     | Reached skill level 5 in Dodging
 11399 | D:12     | Found a hide-covered altar of Uskayaw.
 11538 | D:12     | Gained mutation: You are slightly more attuned to the shadows. [demonic ancestry]
 11538 | D:12     | Reached XP level 12. HP: 39/81 MP: 19/19
 11745 | D:12     | Reached skill level 10 in Invocations
 11858 | D:13     | Noticed Snorg
 11864 | D:13     | Killed Snorg
 11870 | D:13     | Noticed a vault guard
 11884 | D:13     | Killed a vault guard
 11998 | D:13     | Noticed Joseph
 12012 | D:13     | Killed Joseph
 12127 | D:13     | Noticed a tengu warrior
 12142 | D:13     | Noticed a vault guard
 12151 | D:13     | Killed a vault guard
 12185 | D:13     | Killed a tengu warrior
 12249 | D:13     | Found a gate to the Vaults.
 12254 | D:13     | Noticed a vault guard
 12266 | D:13     | Killed a vault guard
 12302 | D:13     | Noticed a fire dragon
 12396 | Orc:1    | Entered Level 1 of the Orcish Mines
 12418 | Orc:1    | Found Exaocott's Book Shoppe.
 12433 | Orc:1    | Noticed Maurice
 12440 | Orc:1    | Killed Maurice
 12573 | Orc:1    | Reached skill level 11 in Invocations
 12632 | Orc:1    | Noticed Erica
 12634 | Orc:1    | Killed Erica
 12648 | Orc:1    | Identified the +4 dagger "Pimniz" {freeze, Dex+7} (You found it on level 11 of the Dungeon)
 12914 | Orc:1    | Noticed an orc warlord
 12922 | Orc:1    | Killed an orc warlord
 12952 | Orc:1    | Noticed Harold
 12953 | Orc:2    | Entered Level 2 of the Orcish Mines
 13052 | Orc:2    | Found Vuleb's Jewellery Emporium.
 13056 | Orc:2    | Found a bloodstained altar of Trog.
 13080 | Orc:2    | Noticed an ettin
 13088 | Orc:2    | Killed an ettin
 13092 | Orc:2    | Bought an uncursed amulet of guardian spirit for 360 gold pieces
 13236 | Orc:2    | Found a staircase to the Elven Halls.
 13384 | Orc:2    | Got a faintly glowing ring mail
 13408 | Orc:2    | Identified the +3 ring mail "Guahauma" {rF+ rC+ MR- SInv} (You found it on level 2 of the Orcish Mines)
 13758 | Orc:1    | Killed Harold
 13776 | Orc:1    | Lost mutation: You are frail. (-10% HP) [demonic ancestry]
 13776 | Orc:1    | Gained mutation: You are robust. (+10% HP) [demonic ancestry]
 13776 | Orc:1    | Reached XP level 13. HP: 73/105 MP: 19/21
 14067 | Orc:2    | Reached skill level 10 in Shields
 14142 | Orc:2    | Reached skill level 12 in Invocations
 14427 | Orc:2    | Paralysed by an orc sorcerer for 7 turns
 14431 | Orc:2    | HP: 1/105 [red devil/trident[an orc sorcerer] (15)]
 14431 | Orc:2    | Mangled by an orc sorcerer

Skill      XL: |  1  2  3  4  5  6  7  8  9 10 11 12 13 |
---------------+----------------------------------------+-----
Dodging        | 2 3 5 7 |  7.8
Fighting       | 4 5 6 7 |  7.5
Maces & Flails | 2 3 4 5 |  5.1
Armour         | 2 3 4 6 7 |  7.6
Shields        | 2 3 4 6 7 8 9 10 | 10.1
Polearms       | 4 5 7 8 |  8.9
Invocations    | 5 7 9 11 12 | 12.1
Short Blades   | |  1.0
Stealth        | |  1.0
Evocations     | |  1.0

Action                   |  1- 3 |  4- 6 |  7- 9 | 10-12 | 13-15 || total
-------------------------+-------+-------+-------+-------+-------++-------
Melee: Dagger            |   213 |       |       |       |       ||   213
       Short sword       |    74 |    43 |       |       |       ||   117
       Whip              |       |   119 |   218 |       |       ||   337
       Demon trident     |       |       |   107 |   657 |    85 ||   849
Throw: Stone             |       |       |       |       |     1 ||     1
Invok: Upheaval          |       |       |       |    34 |     3 ||    37
Evoke: Wand              |       |     8 |    28 |     5 |       ||    41
       Phial of floods   |       |       |       |     1 |       ||     1
  Use: Potion            |     3 |     2 |     5 |     5 |       ||    15
       Scroll            |     5 |     4 |     4 |    12 |       ||    25
 Stab: Paralysed         |       |       |       |     2 |       ||     2
       Distracted        |       |       |       |       |     1 ||     1
  Eat: Chunk             |     4 |     9 |    12 |    19 |     1 ||    45
       Royal jelly       |       |       |       |     1 |       ||     1
       Pizza             |       |       |       |       |     1 ||     1
Armor: Leather armour    |    79 |       |       |       |       ||    79
       Skin              |    17 |     2 |       |       |       ||    19
       Scale mail        |    34 |    70 |   108 |    36 |       ||   248
       Ring mail         |       |       |       |    41 |     4 ||    45
Dodge: Dodged            |   181 |    86 |   132 |   157 |     5 ||   561
Block: Buckler           |       |    13 |   186 |   203 |       ||   402
       Large shield      |       |       |       |   581 |    74 ||   655
